 Dungeon Crawl Stone Soup version 0.19.5 (webtiles) character file.

52 Gargoyl the Skirmisher (level 3, -1/33 HPs)
             Began as a Ghoul Abyssal Knight on Mar 16, 2017.
             Was a Follower of Lugonu.
             Slain by Sigmund
             ... wielding a +2 scythe of flaming
              (4 damage)
             ... on level 2 of the Dungeon.
             The game lasted 00:02:09 (1235 turns).

Gargoyl the Skirmisher (Ghoul Abyssal Knight)       Turns: 1235, Time: 00:02:10

Health: -1/33      AC:  5    Str: 15    XL:     3   Next: 85%
Magic:  3/3        EV: 11    Int:  7    God:    Lugonu [*.....]
Gold:   64         SH:  0    Dex:  9    Spells: 0 memorised, 2 levels left

rFire  . . .     SeeInvis .     a - +1 hand axe
rCold  + . .     Gourm    .     b - +0 leather armour
rNeg   + + +     Faith    .     (no shield)
rPois  ∞         Spirit   .     (no helmet)
rElec  .         Reflect  .     (no cloak)
rCorr  .         Harm     .     (no gloves)
MR     .....                    d - +1 pair of boots
Stlth  ..........               (no amulet)
                                (no ring)
                                (no ring)

@: confused, rotting
A: rotting body, claws 1, carnivore 3, cold resistance 1, negative energy
resistance 3, slow regeneration 1, torment resistance, unbreathing
a: Depart the Abyss, Renounce Religion


You were on level 2 of the Dungeon.
You worshipped Lugonu.
Lugonu was aware of your devotion.
You were not hungry.

You visited 1 branch of the dungeon, and saw 2 of its levels.
You visited the Abyss 1 time.

You collected 64 gold pieces.

Inventory:

Hand Weapons
 a - a +1 hand axe (weapon)
Armour
 b - a +0 leather armour (worn)
 d - a +1 pair of boots (worn)
Scrolls
 j - a scroll of noise {unknown}
 k - 2 scrolls of identify {unknown}
 l - a scroll of immolation {unknown}
 m - a scroll of fog {unknown}
Potions
 e - a potion of degeneration {unknown}
 g - a potion of invisibility
 i - a potion of might {unknown}
Comestibles
 c - 2 meat rations
 f - a chunk of flesh


   Skills:
 + Level 4.1 Fighting
 + Level 2.1 Axes
 * Level 2.2 Armour
 + Level 1.0 Dodging
 * Level 2.4 Invocations


You had 2 spell levels left.
You didn't know any spells.

Dungeon Overview and Level Annotations

Branches:
Dungeon (2/15)

Altars:

Annotations:
D:2 Sigmund


Innate Abilities, Weirdness & Mutations

Your body is rotting away.
You thrive on raw meat.
You are immune to poison.
You have sharp fingernails.
You are carnivorous and can eat meat at any time.
Your flesh is cold resistant. (rC+)
You are immune to negative energy. (rN+++)
You regenerate slowly when monsters are visible.
You are immune to unholy pain and torment.
You can survive without breathing.


Message History

You slash the adder!
You kill the adder!
Lugonu accepts your kill. Something hits you!
* * * LOW HITPOINT WARNING * * *
Something burns you.
* * * LOW HITPOINT WARNING * * *
Eat one of 3 chunks of flesh? (ye/n/q)
You start eating one of the 3 chunks of flesh.
This raw flesh tastes great!
Eat one of 2 chunks of flesh? (ye/n/q)
You start eating one of the 2 chunks of flesh.
You hear some strange, mumbled words.
You are confused.
This raw flesh tastes great!
Eat a chunk of flesh? (ye/n/q)
You start eating the chunk of flesh.
Something hits you!
* * * LOW HITPOINT WARNING * * *
Something burns you.
You die...

..# ##.>. .... . #....#
..# .. ...#.# ..#
...#######...... ..#
...............# #.#
...............#####.###
######.@†# #..........
....[.%..# #####....
######...# ###....(###
.....?...#####...###.#
####...#.........# #(#
#....###.........# #.#
#.### #.........###.###
# #########........
###........


There were no monsters in sight!

Vanquished Creatures
  2 adders (D:2)
  2 dart slugs (D:1)
  A worm (D:2)
  A leopard gecko (D:1)
  2 giant cockroaches
  4 goblins (D:1)
  2 hobgoblins (D:1)
  3 kobolds
  4 bats (D:1)
  4 frilled lizards
  4 rats
29 creatures vanquished.

Notes
Turn   | Place    | Note
-------+----------+-------------------------------------------
     0 | Abyss:1  | Gargoyl the Ghoul Abyssal Knight began the quest for the Orb.
     0 | Abyss:1  | Reached XP level 1. HP: 19/19 MP: 1/1
   128 | Abyss:3  | Noticed a chaos spawn
   134 | D:1      | Escaped the Abyss
   134 | D:1      | Noticed a golden dragon
   136 | D:1      | Noticed an ice dragon
   139 | D:1      | Noticed an iron dragon
   142 | D:1      | Noticed an iron dragon
   147 | D:1      | Noticed a large abomination
   147 | D:1      | Noticed a large abomination
   149 | D:1      | Noticed an ice dragon
   149 | D:1      | Noticed an ice dragon
   151 | D:1      | Noticed a shadow dragon
   151 | D:1      | Noticed a large abomination
   153 | D:1      | Noticed a tentacled monstrosity
   153 | D:1      | Noticed a purple draconian
   153 | D:1      | Noticed a tentacled monstrosity
   155 | D:1      | Noticed a large abomination
   197 | D:1      | Reached XP level 2. HP: 18/25 MP: 2/2
   658 | D:1      | Reached * piety under Lugonu
   786 | D:1      | Reached XP level 3. HP: 33/33 MP: 3/3
  1028 | D:2      | Reached skill level 1 in Dodging
  1221 | D:2      | Reached skill level 4 in Fighting
  1224 | D:2      | Noticed Sigmund
  1232 | D:2      | HP: 1/33 [something (2)]
  1235 | D:2      | Slain by Sigmund

Skill      XL: |  1  2  3 |
---------------+----------+-----
Axes           | 2 |  2.1
Armour         | 2 |  2.2
Dodging        | 1 |  1.0
Fighting       | 4 |  4.1
Invocations    | |  2.4

Action                   || total
-------------------------++-------
Melee: Hand axe          ||    89
Invok: Depart the Abyss  ||     1
  Use: Scroll            ||     1
  Eat: Chunk             ||    13
Armor: Leather armour    ||    42
Dodge: Dodged            ||    79
